 Dungeon Crawl Stone Soup version 0.30-a0-165-g1891117ce2 (webtiles) character file.

Game seed: 7903451817335679426

4 Flugkiller the Magician (level 1, -1/16 HPs)
             Began as a Mummy Reaver on Sept 28, 2022.
             Slain by a quokka (2 damage)
             ... on level 1 of the Dungeon.
             The game lasted 00:00:18 (210 turns).

Flugkiller the Magician (Mummy Reaver)               Turns: 210, Time: 00:00:18

Health: -1/16      AC:  3    Str: 15    XL:     1   Next: 58%
Magic:  4/4        EV: 11    Int: 12    God:
Gold:   0          SH:  0    Dex: 10    Spells: 4/5 levels left

rFire   x . .      SeeInvis .    d - +2 dagger (elec)
rCold   + . .      Faith    +    (no shield)
rNeg    + + +      Spirit   .    b - +0 leather armour
rPois   ∞          Reflect  .    (no helmet)
rElec   .          Harm     .    (no cloak)
rCorr   .          Rampage  .    (no gloves)
Will    .....                    (no boots)
Stlth   +.........               (no amulet)
HPRegen 0.05/turn                (no ring)
MPRegen 0.09/turn                (no ring)

@: no status effects
A: cold resistance 1, negative energy resistance 3, torment resistance 2, heat
vulnerability 1, no potions, faith
a: no special abilities


You were on level 1 of the Dungeon.
You visited 1 branch of the dungeon, and saw 1 of its levels.

Inventory:

Hand Weapons
 a - a +0 spear
 d - a +2 dagger of electrocution (weapon)
   (You found it on level 1 of the Dungeon)
Armour
 b - a +0 leather armour (worn)
Scrolls
 c - a scroll of identify {unknown}


   Skills:
 - Level 2.0 Fighting
 + Level 0.0 Short Blades
 - Level 2.4 Polearms
 - Level 1.5 Dodging
 + Level 2.8 Spellcasting
 * Level 2.6 Conjurations


You had 4 spell levels left.
You knew the following spells:

 Your Spells              Type           Power      Damage    Failure   Level
a - Kiss of Death         Conj/Necr      16%        2d6       19%         1

Your spell library contained the following spells:

 Spells                   Type           Power      Damage    Failure   Level
 Momentum Strike          Conj/Tloc      8%         3d8       26%         2
 Hailstorm                Conj/Ice       4%         3d4       47%         3


Dungeon Overview and Level Annotations

Branches:
Dungeon (1/15) Zot: 5789

Altars:


Innate Abilities, Weirdness & Mutations

You are immune to poison.
Your flesh is cold resistant. (rC+)
You are immune to negative energy. (rN+++)
You are immune to unholy pain and torment.
You are vulnerable to heat. (rF-)
You do not drink.
You have a special connection with the divine. (Faith)


Message History

Found a staircase leading out of the dungeon.
You open the door.
There is an open door here.
You open the door.
Found a stone staircase leading down.
There is an open door here.
There is a stone staircase leading down here.
You open the door.
There is an open door here.
c - a scroll labelled VALAYH BYMY
Found 2 black potions.
A ball python comes into view.
Found a glowing dagger.
You hit the ball python but do no damage.
The ball python closely misses you. x2
You hit the ball python.
You kill the ball python!
No target in view!
No target in view!
A giant cockroach comes into view.
You see here a ball python corpse.
A giant cockroach comes into view.
Found a scroll labelled VALAYH BYMY.
The giant cockroach waves its antennae.
You reach to attack!
You hit the giant cockroach.
The giant cockroach is heavily wounded.
You hit the giant cockroach but do no damage.
The giant cockroach is heavily wounded.
The giant cockroach bites you but does no damage.
You hit the giant cockroach.
You kill the giant cockroach!
The giant cockroach barely misses you.
The giant cockroach attacks as you move away!
The giant cockroach barely misses you.
The giant cockroach attacks as you move away!
The giant cockroach bites you. x2
You hit the giant cockroach but do no damage.
The giant cockroach barely misses you.
You barely miss the giant cockroach.
The giant cockroach bites you but does no damage.
You barely miss the giant cockroach. The giant cockroach barely misses you.
You hit the giant cockroach but do no damage.
The giant cockroach barely misses you.
You hit the giant cockroach.
The giant cockroach is heavily wounded.
The giant cockroach completely misses you.
You barely miss the giant cockroach.
The giant cockroach is heavily wounded.
The giant cockroach bites you but does no damage.
The giant cockroach bites you.
You closely miss the giant cockroach.
The giant cockroach is heavily wounded.
The giant cockroach bites you.
You barely miss the giant cockroach.
The giant cockroach is heavily wounded.
The giant cockroach bites you but does no damage.
You hit the giant cockroach.
You kill the giant cockroach!
You see here a giant cockroach corpse.
No target in view!
You start resting.
HP restored.
You see here a ball python corpse.
You see here a +2 dagger of electrocution.
d - a +2 dagger of electrocution You hear the crackle of electricity.
d - a +2 dagger of electrocution (weapon)
Found a bardiche.
A quokka comes into view.
A quokka is nearby!
A quokka is nearby!
A quokka comes into view.
A dart slug comes into view.
The quokka twitches its whiskers.
The quokka attacks as you move away! The quokka closely misses you.
The quokka bites you. The quokka attacks as you move away!
The quokka bites you but does no damage.
The quokka attacks as you move away! The quokka bites you.
The quokka attacks as you move away!
The quokka bites you but does no damage.
You hit the quokka.
The quokka is lightly wounded.
The quokka bites you. The quokka closely misses you.
You are too injured to fight recklessly!
You are too injured to fight recklessly!
You hit the quokka.
The quokka is moderately wounded.
The quokka bites you.
You hit the quokka. Lightning courses through the quokka!!
You kill the quokka!
You hit the quokka but do no damage.
The quokka bites you but does no damage.
You barely miss the quokka. The quokka completely misses you.
You hit the quokka.
The quokka is moderately wounded.
The quokka bites you.
* * * LOW HITPOINT WARNING * * *
The quokka bites you.
You die...

#.....#+#. ..
......... #### ... #
###........ ~~~~
#.##. ..#........
♣♣PP .... #.#...?....
.P♣♣ #..# #.#....)...
~~~~
.####..###.#w.......#
~~~~
........##.#r######.#
.♣.P ...........#@#
#.# ♣♣♣
...######....# #.#
♣♣♣P #..!..†### #.#
~~~~ #.###....####.#
~~~~ ... ####†.....#


.PPP #.. #####..# ♣P♣♣ +.. +......# ~~~~ #. .######.######### #.
................. You could see a dart slug and a quokka.

Vanquished Creatures
  2 giant cockroaches (D:1)
  A quokka (D:1)
  A ball python (D:1)
4 creatures vanquished.

Notes
Turn   | Place    | Note
-------+----------+-------------------------------------------
     0 | D:1      | Flugkiller the Mummy Reaver began the quest for the Orb.
     0 | D:1      | Reached XP level 1. HP: 16/16 MP: 4/4
   210 | D:1      | Slain by a quokka

Illustrated notes

Levels and vault maps discovered:
D:1:      lightli_arrival_farm, layout_basic, chequers_serial_rivers_marsh

Action                   || total
-------------------------++-------
Melee: Spear             ||    14
       Dagger            ||     6
Armor: Leather armour    ||     7
Dodge: Dodged            ||    11

Table legend: (Time is in decaauts)
 A = Elapsed time spent in this place.
 B = Non-inter-level travel time spent in this place.
 C = Inter-level travel time spent in this place.
 D = Time resting spent in this place.
 E = Time spent auto-exploring this place.
 F = Levels seen in this place.
 G = Mean time per level.
                   A        B        C        D        E       F      G
               +--------+--------+--------+--------+--------+-----+--------+
         Total |    209 |    209 |      0 |     94 |     70 |   1 |  209.0 |
       Dungeon |    209 |    209 |      0 |     94 |     70 |   1 |  209.0 |
               +--------+--------+--------+--------+--------+-----+--------+

Top non-repeatable levels by time:
     D:1: 209 daAuts
